[Event "Team 45 45 League T47"]
[Site "Internet Chess Club"]
[Date "2010.12.10"]
[Round "6"]
[White "Phosphorus"]
[Black "viking99"]
[Result "1-0"]
[WhiteElo "2115"]
[BlackElo "1878"]
[Opening "French: King's Indian attack"]
[ECO "C00"]
[Time "12:16:45"]
[TimeControl "2700+45"]

1. e4 e6 2. d3 Bc5 3. d4 Bb6 4. Nf3 d5 5. e5 c5 6. dxc5 Bxc5 7. Bd3 Nc6 8. O-O
Nge7 9. Nbd2 Ng6 10. Nb3 Bb6 11. Re1 Bd7 12. Bd2 Qb8 13. Qe2 Bc7 14. Nc5 Ncxe5
15. Nxe5 Nxe5 16. Nxd7 Kxd7 17. c4 Nxd3 18. Qxd3 Bxh2+ 19. Kh1 Bd6 20. cxd5 e5
21. Qf5+ Ke7 22. f4 Qc8 23. Qg5+ Kf8 24. fxe5 h6 25. Qf4 Bc5 26. Rac1 g5 27. Qf6
Kg8 28. b4 b6 29. bxc5 bxc5 30. e6 Rh7 31. Bc3 Qb7 32. e7 Qd7 33. d6 Re8 34. Ba1
Qg4 35. Qf3 Qa4 36. Rxc5 Qh4+ 37. Qh3 Qxe1+ 38. Kh2 f5 39. Qh5 Qh4+ 40. Qxh4
gxh4 41. Rxf5 Rhxe7 42. dxe7 Rxe7 43. Bf6 Rf7 44. Rf3 Kh7 45. Bxh4 Rb7 46. Re3
Kg6 47. Ra3 Rb4 48. Bf2 h5 49. Bxa7 Kf5 50. Bc5 Rc4 51. Bf8 Rc8 52. Rf3+ Kg4 53.
a3 Rc2 54. a4 Ra2 55. Ra3 Rf2 56. Bc5 Rc2 57. Bg1 Rc6 58. a5 Ra6 59. Bb6 Kg5 60.
Rc3 Ra8 61. Rc7 Kf5 62. Ra7 Rc8 63. Rh7 Kg6 64. Rc7 Ra8 65. Ba7 Re8 66. Rb7 Re5
67. a6 Ra5 68. Rb6+ Kf5 69. Bb8 Ra2 70. a7 Kg4 71. Rg6+ Kf5 72. Rg7 Kf6 73. Rh7
Kg6 74. Rd7 Kf5 75. Bg3 Ke6 76. Rh7 Ra5 77. Bf2 Ra2 78. Rh8 {Black resigns} 1-0

[Event "Team 45 45 League T47"]
[Site "Internet Chess Club"]
[Date "2010.12.11"]
[Round "6"]
[White "DaveTheRook"]
[Black "Karpyan"]
[Result "1/2-1/2"]
[WhiteElo "1740"]
[BlackElo "1854"]
[Opening "English, 1...Nf6 (Anglo-Indian defense)"]
[ECO "A15"]
[Time "16:22:22"]
[TimeControl "2700+45"]

1. c4 Nf6 2. g3 c6 3. Bg2 d5 4. cxd5 cxd5 5. Nf3 Nc6 6. O-O e5 7. d3 Bd6 8. Nc3
O-O 9. a3 h6 10. b4 Be6 11. Nd2 Rc8 12. Bb2 Qd7 13. Rc1 Bb8 14. Nb3 b6 15. Qd2
Bh3 16. Rfd1 Bxg2 17. Kxg2 Rfd8 18. Qe1 Qe6 19. Nd2 e4 20. dxe4 dxe4 21. Nf1 Ne5
22. Ne3 Neg4 23. Nxg4 Nxg4 24. h3 Nf6 25. Rxd8+ Rxd8 26. Nd1 Nd5 27. Ne3 Nxe3+
28. fxe3 Qd6 29. Bd4 Qd5 30. Qc3 Qg5 31. Qe1 Qd5 32. Qc3 Qg5 33. Qe1 Qd5 34. Qc3
{Game drawn by repetition} 1/2-1/2

[Event "Team 45 45 League T47"]
[Site "Internet Chess Club"]
[Date "2010.12.12"]
[Round "6"]
[White "bondguy01"]
[Black "badmove"]
[Result "1/2-1/2"]
[WhiteElo "1722"]
[BlackElo "1713"]
[Opening "English: Anglo-Dutch defense"]
[ECO "A87"]
[Time "15:04:24"]
[TimeControl "2700+45"]

1. c4 f5 2. g3 Nf6 3. Bg2 g6 4. Nc3 Bg7 5. Nf3 O-O 6. O-O d6 7. d4 Qe8 8. Nd5
Nxd5 9. cxd5 Nd7 10. Qb3 Nb6 11. Bd2 e6 12. dxe6 Bxe6 13. Qc2 c6 14. Rfe1 Bd5
15. a4 Qd7 16. a5 Nc8 17. Rac1 Ne7 18. b4 a6 19. Ng5 Bxg2 20. Kxg2 d5 21. Nf3 f4
22. Ne5 Bxe5 23. dxe5 Rae8 24. gxf4 Rxf4 25. Bxf4 Qg4+ 26. Bg3 Nf5 27. Kg1 Rxe5
28. Kh1 Nxg3+ 29. fxg3 Re3 30. Qd2 d4 31. Rc4 Rxg3 32. hxg3 Qh3+ 33. Kg1 Qxg3+
34. Kf1 Qh3+ 35. Kf2 Qh2+ 36. Kf3 Qh3+ 37. Kf2 {Game drawn by mutual agreement}
1/2-1/2

[Event "Team 45 45 League T47"]
[Site "Internet Chess Club"]
[Date "2010.12.09"]
[Round "6"]
[White "Ernie1"]
[Black "Portola"]
[Result "1/2-1/2"]
[WhiteElo "1589"]
[BlackElo "1728"]
[Opening "Torre attack (Tartakower variation)"]
[ECO "D03"]
[Time "22:08:43"]
[TimeControl "2700+45"]

1. d4 d5 2. Nf3 Nf6 3. Bg5 Bf5 4. Bxf6 exf6 5. e3 Bd6 6. Bd3 Bg6 7. h4 Bxd3 8.
Qxd3 c6 9. Nbd2 Nd7 10. O-O-O Qc7 11. Rde1 O-O-O 12. Kb1 Kb8 13. Rc1 Qb6 14. c4
Qa6 15. Qc3 dxc4 16. Nxc4 Bc7 17. Qb4 Nb6 18. Nxb6 axb6 19. Qc4 Qxc4 20. Rxc4 b5
21. Rc2 Rhe8 22. b4 h5 23. a3 Bb6 24. Ne1 Rd7 25. Nd3 Red8 26. Nc5 Bxc5 27. Rxc5
g6 28. Rg1 f5 29. Kb2 Rd5 30. Rxd5 Rxd5 31. Kc3 b6 32. Rb1 Kb7 33. Kd3 Kb8 34.
Rc1 Kb7 35. f3 Rd8 36. e4 Re8 37. e5 Re6 38. f4 Kb8 39. g3 Kb7 40. Rc3 Re8 41.
Kd2 Rd8 42. Ke3 Rd5 43. Kd3 Rd8 44. Ke3 Rd5 45. Kd3 Rd8 {Game drawn by mutual
agreement} 1/2-1/2

[Event "Team 45 45 League T47"]
[Site "Internet Chess Club"]
[Date "2010.12.11"]
[Round "6"]
[White "SaltofLife"]
[Black "SlimeDog2"]
[Result "1-0"]
[WhiteElo "1915"]
[BlackElo "2069"]
[Opening "Sicilian: wing gambit, Marshall variation"]
[ECO "B20"]
[Time "16:33:52"]
[TimeControl "2700+45"]

1. e4 c5 2. b4 cxb4 3. a3 d5 4. exd5 Qxd5 5. Nf3 e5 6. c4 Qe6 7. Bd3 e4 8. O-O
Qf6 9. Bxe4 Qxa1 10. Qb3 Qf6 11. Re1 Be7 12. axb4 Nc6 13. b5 Nd4 14. Nxd4 Qxd4
15. Bb2 Qc5 16. Bxg7 Be6 17. Bxb7 Rb8 18. Qf3 {Black resigns} 1-0

[Event "Team 45 45 League T47"]
[Site "Internet Chess Club"]
[Date "2010.12.12"]
[Round "6"]
[White "sidd2007"]
[Black "Twan709"]
[Result "1/2-1/2"]
[WhiteElo "1766"]
[BlackElo "1797"]
[Opening "Sicilian: Pelikan, Chelyabinsk variation"]
[ECO "B33"]
[Time "08:00:58"]
[TimeControl "2700+45"]

1. e4 c5 2. Nf3 Nc6 3. d4 cxd4 4. Nxd4 Nf6 5. Nc3 e5 6. Ndb5 d6 7. Bg5 a6 8. Na3
b5 9. Nd5 Be7 10. Bxf6 Bxf6 11. c3 Bb7 12. Nc2 Nb8 13. a4 bxa4 14. Rxa4 Nd7 15.
Rb4 Ra7 16. Na3 Nc5 17. Rxb7 Rxb7 18. b4 Nxe4 19. Bxa6 Rb8 20. Qd3 Ng5 21. Bb5+
Kf8 22. O-O g6 23. f4 Ne6 24. fxe5 Bxe5 25. Nc4 Bg7 26. Na5 Qg5 27. Nc6 Rb7 28.
Ba6 Rd7 29. Nb6 Rd8 30. Nxd8 Qxd8 31. Nc8 Be5 32. b5 Kg7 33. b6 Nc5 34. Qc4 Rf8
35. b7 Nxa6 36. Qxa6 d5 37. Qd3 Qc7 38. Rb1 Rxc8 39. bxc8=Q Qxc8 40. Rb5 Qxc3
41. Qxc3 Bxc3 42. Rxd5 h5 43. g3 Kf6 44. Kg2 Ke6 45. Rc5 Be5 46. Rc1 Kf6 {Game
drawn by mutual agreement} 1/2-1/2

[Event "Team 45 45 League T47"]
[Site "Internet Chess Club"]
[Date "2010.12.12"]
[Round "6"]
[White "Rhel"]
[Black "musk6868"]
[Result "0-1"]
[WhiteElo "1602"]
[BlackElo "1801"]
[Opening "Dutch: Leningrad, main variation with c6"]
[ECO "A88"]
[Time "14:59:14"]
[TimeControl "2700+45"]

1. d4 f5 2. c4 Nf6 3. Nf3 d6 4. Nc3 g6 5. g3 Bg7 6. Bg2 O-O 7. O-O c6 8. b3 Qc7
9. Bb2 e5 10. d5 a5 11. Na4 Bd7 12. c5 Nxd5 13. cxd6 Qxd6 14. Nb6 Ra7 15. Nc4
Qc7 16. Bxe5 Bxe5 17. Nfxe5 Be6 18. Nd3 Nd7 19. Qd2 Raa8 20. Ne3 Nxe3 21. Qxe3
Rae8 22. Qf4 Qb6 23. e3 Nf6 24. Rfd1 Nd5 25. Qd6 Nc3 26. Rd2 Bf7 27. Nc5 Rd8 28.
Nd7 Qa7 29. Qe5 Rxd7 30. Rxd7 Nd5 31. Bxd5 cxd5 32. Qc7 d4 33. exd4 a4 34. Qxb7
Qa5 35. bxa4 Qxa4 36. Qb2 Qxd7 37. a4 Ra8 38. a5 Bd5 39. a6 Qc6 40. a7 Qb7 41.
Qxb7 Bxb7 42. Kf1 Kf7 43. Ke2 Ke6 44. f4 Kd6 45. h3 Kc7 46. g4 Kb6 47. gxf5 gxf5
48. Ke3 Rxa7 49. Rg1 Be4 50. Rg7 Rxg7 {White resigns} 0-1

[Event "Team 45 45 League T47"]
[Site "Internet Chess Club"]
[Date "2010.12.14"]
[Round "6"]
[White "Cergillio"]
[Black "Whalen"]
[Result "1-0"]
[WhiteElo "1267"]
[BlackElo "1571"]
[Opening "Van't Kruijs opening"]
[ECO "A00"]
[Time "06:00:04"]
[TimeControl "2700+45"]

1. e3 d5 2. c4 c6 3. d4 Nf6 4. h3 Bf5 5. Nf3 e6 6. Be2 Nbd7 7. O-O Be7 8. Nc3
Kf8 9. c5 b6 10. b4 Rb8 11. a3 bxc5 12. dxc5 e5 13. Nh4 Bg6 14. Bd3 e4 15. Bc2
Ne5 16. f4 Nc4 17. f5 Bh5 18. g4 Nxg4 19. hxg4 Bxh4 20. gxh5 Qg5+ 21. Kh1 Ne5
22. Rg1 Qxf5 23. Qf1 Qxh5 24. Qh3 g5 25. Qh2 Re8 26. Bxe4 dxe4 27. Nxe4 Ng4 28.
Rxg4 Qxg4 29. Qd6+ Re7 30. Qh6+ Ke8 31. Nf6+ Kd8 32. Nxg4 Re6 33. Nf6 Ke7 34.
Bb2 Rd8 35. Rf1 Rd2 36. Ng8+ Kd7 37. Rxf7+ {Black resigns} 1-0

[Event "Team 45 45 League T47"]
[Site "Internet Chess Club"]
[Date "2010.12.12"]
[Round "6"]
[White "charles-allen"]
[Black "BlackHorse"]
[Result "1-0"]
[WhiteElo "1877"]
[BlackElo "1914"]
[Opening "Pirc defense"]
[ECO "B07"]
[Time "09:00:22"]
[TimeControl "2700+45"]

1. e4 d6 2. d4 Nf6 3. Bd3 g6 4. Nf3 Bg7 5. O-O O-O 6. c3 Nbd7 7. Re1 e5 8. dxe5
dxe5 9. Bg5 Re8 10. Na3 Nc5 11. Bc2 Bg4 12. Nc4 h6 13. Bh4 Qe7 14. Qe2 g5 15.
Bg3 Nh5 16. Ne3 Nxg3 17. hxg3 Be6 18. b4 Nd7 19. Bb3 Rad8 20. Bxe6 fxe6 21. Qb5
Nb6 22. Red1 a6 23. Qe2 h5 24. g4 h4 25. a4 Bf6 26. Qa2 Kh7 27. Rac1 c5 28. Nc4
Qc7 29. Nxb6 Qxb6 30. Qb3 Qc6 31. bxc5 Qxe4 32. Rxd8 Rxd8 33. Qxe6 Qf4 34. Re1
Rf8 35. Qd7+ Kh8 36. Qxb7 e4 37. Qxe4 Qc7 38. c6 Bxc3 39. Rd1 Rf4 40. Qe8+
{Black resigns} 1-0

[Event "Team 45 45 League T47"]
[Site "Internet Chess Club"]
[Date "2010.12.09"]
[Round "6"]
[White "BuddyT"]
[Black "j65536d"]
[Result "1-0"]
[WhiteElo "1773"]
[BlackElo "1769"]
[Opening "King's Indian: Gligoric-Taimanov system"]
[ECO "E92"]
[Time "21:00:33"]
[TimeControl "2700+45"]

1. d4 Nf6 2. Nf3 g6 3. c4 Bg7 4. Nc3 O-O 5. e4 d6 6. Be2 e5 7. Be3 Nc6 8. d5 Ne7
9. Nd2 Ne8 10. f3 f5 11. c5 f4 12. Bf2 g5 13. cxd6 cxd6 14. Nc4 Ng6 15. Nb5 Rf7
16. Nxa7 Bd7 17. Qb3 Nc7 18. Nxd6 Rf6 19. Nxb7 Qe8 20. Nc5 Rb8 21. Qc2 Bf8 22.
O-O Bxc5 23. Bxc5 h5 24. Ba3 Rb7 25. Nc6 Bxc6 26. dxc6 Rxc6 27. Qa4 Kh7 28. Rad1
Qe6 29. Rc1 Rcb6 30. Rfd1 Nb5 31. Bc4 Qf6 32. Bxb5 Rxb5 33. Rd7+ Rxd7 34. Qxb5
Qd8 35. Qb3 Rd2 36. Bb4 Qd4+ 37. Kh1 Rd3 38. Bc3 Qe3 39. Qc2 Rd7 40. Rd1 Rxd1+
41. Qxd1 g4 42. Qd2 Qa7 43. a3 Qa6 44. Kg1 Qb6+ 45. Qf2 Qb3 46. Qd2 Qb6+ 47. Kf1
Qb5+ 48. Qe2 Qb3 49. Qd3 Qe6 50. Bb4 g3 51. hxg3 fxg3 52. b3 Qc6 53. Qc4 Qd7 54.
a4 h4 55. Qd5 Qa7 56. Qc5 Qd7 57. Qd6 Qa7 58. Bc5 Qf7 59. Qd5 Qf4 60. Ke2 Qc1
61. Be3 Qc2+ 62. Qd2 Qxb3 63. Qd7+ Kg8 64. Qd5+ Qxd5 65. exd5 Kf8 66. a5 Ke8 67.
a6 {Black resigns} 1-0

[Event "Team 45 45 League T47"]
[Site "Internet Chess Club"]
[Date "2010.12.11"]
[Round "6"]
[White "ChessicalZ"]
[Black "empire32"]
[Result "0-1"]
[WhiteElo "1646"]
[BlackElo "1730"]
[Opening "English opening"]
[ECO "A10"]
[Time "12:00:44"]
[TimeControl "2700+45"]

1. c4 b6 2. Nc3 Bb7 3. e4 e6 4. Nge2 Nc6 5. g3 Ne5 6. Bg2 Nd3+ 7. Kf1 Bc5 8. Qc2
Nxc1 9. Rxc1 Qf6 10. d4 Bxd4 11. Nxd4 Qxd4 12. Ne2 Qc5 13. a3 Nf6 14. b4 Qe7 15.
e5 Bxg2+ 16. Kxg2 Ng8 17. Qe4 c6 18. Rhd1 Nh6 19. Qd3 Rd8 20. Nc3 O-O 21. Ne4 f5
22. exf6 gxf6 23. Nd6 Nf7 24. Nxf7 Rxf7 25. Qd6 Qxd6 26. Rxd6 Kf8 27. Rcd1 Ke7
28. c5 bxc5 29. bxc5 Rg7 30. f4 f5 31. Rb1 a5 32. Rb7 Kf6 33. Rd4 d5 34. Rxg7
Kxg7 35. Ra4 Ra8 36. Kf2 Kg6 37. Ke3 Kh5 38. h3 Kg6 39. Kd4 Kf6 40. Kc3 Rg8 41.
Rxa5 Rxg3+ 42. Kd2 Rxh3 43. Ra8 h5 44. a4 Rf3 45. a5 Rxf4 46. a6 Ra4 47. a7 Kg7
48. Re8 Rxa7 49. Rxe6 Ra6 50. Ke3 h4 51. Kf3 Kf7 52. Rh6 Kg7 53. Rxh4 Ra5 54.
Rb4 Rxc5 55. Rb7+ Kf6 56. Rb8 Rc3+ 57. Ke2 c5 58. Rf8+ Ke5 59. Re8+ Kf4 60. Rd8
d4 61. Rd5 Ke4 62. Rd8 f4 63. Re8+ Kd5 64. Kd2 Kc4 65. Rf8 f3 66. Kd1 Kd3 67.
Rxf3+ Ke4 68. Rf2 Ra3 69. Re2+ Kd3 70. Rd2+ Ke4 71. Rc2 Rc3 72. Re2+ Kf3 73. Re8
c4 74. Kd2 Rd3+ 75. Kc2 Re3 76. Rd8 Re2+ 77. Kd1 d3 78. Rf8+ Ke3 79. Re8+ Kd4
80. Rd8+ Kc3 81. Rc8 Ra2 82. Ke1 d2+ 83. Ke2 Ra1 84. Rd8 d1=Q+ 85. Rxd1 Rxd1 86.
Kxd1 Kb2 {White resigns} 0-1

[Event "Team 45 45 League T47"]
[Site "Internet Chess Club"]
[Date "2010.12.08"]
[Round "6"]
[White "wrimle"]
[Black "BraafPaard"]
[Result "1-0"]
[WhiteElo "1640"]
[BlackElo "1618"]
[Opening "Scandinavian defense"]
[ECO "B01"]
[Time "16:00:44"]
[TimeControl "2700+45"]

1. e4 d5 2. exd5 Nf6 3. d4 e6 4. Nf3 exd5 5. Bd3 Nc6 6. c3 Be7 7. Bf4 O-O 8.
Nbd2 Re8 9. O-O Bg4 10. h3 Bh5 11. Qc2 Bd6 12. Bg5 Bg6 13. Rae1 Bxd3 14. Qxd3 h6
15. Rxe8+ Qxe8 16. Bxf6 gxf6 17. Re1 Qf8 18. Qe2 a6 19. Nh4 Ne7 20. Qf3 Kg7 21.
Nf5+ Nxf5 22. Qg4+ Kh8 23. Qxf5 Rd8 24. Qxf6+ Kg8 25. Nf3 Re8 26. Ne5 Re6 27.
Qf3 c6 28. Re3 Qg7 29. Qf5 Bxe5 30. Rxe5 Rxe5 31. Qxe5 f6 32. Qg3 Qxg3 33. fxg3
Kg7 34. Kf2 Kg6 35. Kf3 Kf5 36. g4+ Kg5 37. g3 a5 38. h4+ Kg6 39. Kf4 Kg7 40.
Kf5 Kf7 41. g5 hxg5 42. hxg5 fxg5 43. Kxg5 Kg7 44. a4 b6 45. Kf5 Kf7 46. Ke5 Kg6
47. Kd6 Kf5 48. Kxc6 Ke4 49. g4 {Black resigns} 1-0

[Event "Team 45 45 League T47"]
[Site "Internet Chess Club"]
[Date "2010.12.12"]
[Round "6"]
[White "Terte"]
[Black "Paulkov"]
[Result "1/2-1/2"]
[WhiteElo "2030"]
[BlackElo "2267"]
[Opening "Sicilian: Alapin's variation (2.c3)"]
[ECO "B22"]
[Time "11:02:02"]
[TimeControl "2700+45"]

1. e4 c5 2. c3 Nf6 3. e5 Nd5 4. Nf3 Nc6 5. Bc4 e6 6. d4 cxd4 7. cxd4 d6 8. O-O
Be7 9. Qe2 O-O 10. Rd1 Bd7 11. Nc3 Nxc3 12. bxc3 dxe5 13. dxe5 Qc7 14. Bd3 g6
15. h4 Rac8 16. h5 Rfd8 17. hxg6 hxg6 18. Bf4 Na5 19. Ng5 Ba4 20. Nxf7 Kxf7 21.
Bxg6+ Kxg6 22. Qg4+ Kh7 23. Qh5+ Kg8 24. Qg6+ Kh8 25. Qh6+ Kg8 26. Qg6+ Kh8 27.
Qh6+ Kg8 28. Qg6+ {Game drawn by repetition} 1/2-1/2

[Event "Team 45 45 League T47"]
[Site "Internet Chess Club"]
[Date "2010.12.08"]
[Round "6"]
[White "azbycx"]
[Black "nightly"]
[Result "1/2-1/2"]
[WhiteElo "1904"]
[BlackElo "1932"]
[Opening "Queen's pawn game, Darooha variation "]
[ECO "D02"]
[Time "23:00:27"]
[TimeControl "2700+45"]

1. d4 Nf6 2. Nf3 d5 3. g3 c6 4. Bg2 Bf5 5. O-O e6 6. c4 Nbd7 7. b3 Be7 8. Bb2
O-O 9. Nh4 Be4 10. Nf3 h6 11. Nbd2 Bh7 12. Ne5 Nxe5 13. dxe5 Nd7 14. e4 Nb6 15.
exd5 cxd5 16. cxd5 Nxd5 17. Qe2 Rc8 18. Rfc1 Qd7 19. Ne4 Rxc1+ 20. Rxc1 Rc8 21.
Rd1 Qc7 22. Rc1 Qd7 {Game drawn by mutual agreement} 1/2-1/2

[Event "Team 45 45 League T47"]
[Site "Internet Chess Club"]
[Date "2010.12.11"]
[Round "6"]
[White "poni"]
[Black "Salvatore"]
[Result "1-0"]
[WhiteElo "1978"]
[BlackElo "1625"]
[Opening "Dutch: Leningrad, main variation with Nc6"]
[ECO "A89"]
[Time "12:00:52"]
[TimeControl "2700+45"]

1. Nf3 f5 2. c4 Nf6 3. g3 g6 4. Bg2 Bg7 5. Nc3 d6 6. d4 O-O 7. O-O Nc6 8. d5 Nb8
9. Qc2 c6 10. Rb1 e5 11. dxe6 Bxe6 12. b3 Na6 13. Ba3 Qc7 14. Ng5 Bf7 15. Rbd1
Rad8 16. Rd2 Rfe8 17. Nxf7 Kxf7 18. Rfd1 Bf8 19. e4 fxe4 20. Nxe4 Nxe4 21. Bxe4
Nc5 22. Bg2 Qa5 23. Bb2 Ne6 24. a3 Qh5 25. h4 Bg7 26. Rxd6 Rxd6 27. Rxd6 Nc5 28.
Bxg7 Kxg7 29. Qc3+ Qe5 30. Qxe5+ Rxe5 31. b4 Re1+ 32. Kh2 Ne6 33. Rd7+ Kf6 34.
Rxb7 Re2 35. Kg1 Re1+ 36. Bf1 Nd4 37. Kg2 h5 38. Rxa7 Ra1 39. Bd3 Ra2 40. b5 Ne6
41. bxc6 Nf4+ 42. gxf4 {Black resigns} 1-0

[Event "Team 45 45 League T47"]
[Site "Internet Chess Club"]
[Date "2010.12.10"]
[Round "6"]
[White "Gregorio"]
[Black "leland"]
[Result "1-0"]
[WhiteElo "2034"]
[BlackElo "1840"]
[Opening "English: symmetrical variation"]
[ECO "A30"]
[Time "22:30:14"]
[TimeControl "2700+45"]

1. c4 c5 2. g3 Nc6 3. Bg2 d6 4. Nc3 Bd7 5. Nf3 Nf6 6. d3 g6 7. h4 Bg7 8. Bf4 Qb6
9. Qd2 h6 10. O-O Be6 11. Rab1 Ng4 12. e4 O-O 13. Nd5 Qd8 14. b4 cxb4 15. Nxb4
Kh7 16. Rfc1 Qd7 17. d4 Qd8 18. d5 Nxb4 19. dxe6 Na6 20. exf7 Nc5 21. Nd4 Rxf7
22. Nb3 Nxb3 23. Rxb3 e5 24. Be3 Nxe3 25. Qxe3 Qe7 26. Bh3 h5 27. Rd1 b6 28.
Rbd3 Rd8 29. Qd2 Bh6 30. Qb4 Bf8 31. a4 Qf6 32. Qd2 Bh6 33. Qa2 Qe7 34. a5 Qc7
35. axb6 axb6 36. Rd5 Bf8 37. Qe2 Ra8 38. f4 exf4 39. e5 f3 40. Qe4 f2+ 41. Kf1
Re8 42. e6 Rf6 43. Rxh5+ Kg7 44. Rg5 Be7 45. h5 Rc8 46. Rxg6+ Rxg6 47. Qxg6+ Kh8
48. Qh6+ Kg8 49. Rd4 Bf8 50. Rg4+ Bg7 51. e7 Qxe7 52. Rxg7+ Qxg7 53. Qxg7+ Kxg7
54. Bxc8 Kh6 55. g4 {Black resigns} 1-0

[Event "Team 45 45 League T47"]
[Site "Internet Chess Club"]
[Date "2010.12.12"]
[Round "6"]
[White "wilson97"]
[Black "AndreMorais"]
[Result "1/2-1/2"]
[WhiteElo "1790"]
[BlackElo "1903"]
[Opening "King's pawn opening"]
[ECO "B07"]
[Time "11:04:32"]
[TimeControl "2700+45"]

1. e4 d6 2. d4 g6 3. Nf3 Bg7 4. h3 Nf6 5. Bd3 O-O 6. O-O Nc6 7. c3 a6 8. Bf4 b5
9. Re1 e5 10. dxe5 Nh5 11. Bh2 Nxe5 12. Nxe5 Bxe5 13. Bxe5 dxe5 14. Qf3 Qf6 15.
Qxf6 Nxf6 16. a4 Rd8 17. Bc2 Bb7 18. axb5 axb5 19. Rxa8 Bxa8 20. f3 c5 21. Kf2
{Game drawn by mutual agreement} 1/2-1/2

[Event "Team 45 45 League T47"]
[Site "Internet Chess Club"]
[Date "2010.12.12"]
[Round "6"]
[White "LucaTrapani"]
[Black "ice-cream"]
[Result "1-0"]
[WhiteElo "1938"]
[BlackElo "1797"]
[Opening "Catalan: closed, 5.Nf3"]
[ECO "E06"]
[Time "19:01:43"]
[TimeControl "2700+45"]

1. d4 Nf6 2. c4 e6 3. g3 d5 4. Nf3 Be7 5. Bg2 O-O 6. O-O dxc4 7. e3 Nbd7 8. Qe2
a6 9. Qxc4 b5 10. Qe2 Bb7 11. a4 c6 12. Rd1 Qc7 13. Bd2 Rac8 14. axb5 cxb5 15.
Ba5 Qb8 16. Nbd2 Bd6 17. e4 e5 18. d5 Kh8 19. Bh3 Bc7 20. Bb4 Bd6 21. Ba5 Bc7
22. Nb3 Bxa5 23. Nxa5 Rc5 24. g4 h6 25. g5 hxg5 26. Nxg5 Nb6 27. Qe3 Bxd5 28.
Qxc5 Bxe4 29. Rd6 Na4 30. Qxe5 Nxb2 31. Nxe4 Nd3 32. Qg3 Nxe4 33. Qh4+ Kg8 34.
Rxd3 Qe5 35. Nc6 Qxa1+ 36. Kg2 Re8 37. Ne7+ Rxe7 38. Qxe7 Nxf2 39. Rd8+ Kh7 40.
Bf5+ g6 41. Qh4+ Kg7 42. Qh8# {Black checkmated} 1-0

[Event "Team 45 45 League T47"]
[Site "Internet Chess Club"]
[Date "2010.12.11"]
[Round "6"]
[White "Scotty2Cues"]
[Black "Memphischess"]
[Result "0-1"]
[WhiteElo "1931"]
[BlackElo "2085"]
[Opening "Sicilian: Hungarian variation"]
[ECO "B27"]
[Time "12:00:28"]
[TimeControl "2700+45"]

1. e4 c5 2. Nf3 g6 3. g3 Nc6 4. Bg2 Bg7 5. O-O Nf6 6. Nc3 O-O 7. d4 cxd4 8. Nxd4
d6 9. Nxc6 bxc6 10. e5 dxe5 11. Qxd8 Rxd8 12. Bxc6 Rb8 13. Ba4 e6 14. Be3 Nd5
15. Nxd5 exd5 16. Bxa7 Rxb2 17. Bb3 Bf5 18. Rab1 Rxb1 19. Rxb1 d4 20. a4 Rc8 21.
Rb2 e4 22. Ra2 d3 23. cxd3 exd3 24. Be3 Rb8 25. Bd5 Bh3 {White resigns} 0-1

[Event "Team 45 45 League T47"]
[Site "Internet Chess Club"]
[Date "2010.12.11"]
[Round "6"]
[White "The-Economist"]
[Black "DARKwizard1"]
[Result "0-1"]
[WhiteElo "1913"]
[BlackElo "2027"]
[Opening "Queen's pawn: Lundin (Kevitz-Mikenas) defense"]
[ECO "A40"]
[Time "11:04:10"]
[TimeControl "2700+45"]

1. d4 Nc6 2. c4 e5 3. d5 Nce7 4. e4 Nf6 5. Nc3 Ng6 6. Be2 Bb4 7. Qc2 O-O 8. Nf3
d6 9. O-O Bxc3 10. bxc3 Nh5 11. Nxe5 Nxe5 12. Bxh5 Nxc4 13. f4 f5 14. Be2 Nb6
15. c4 fxe4 16. Qxe4 Re8 17. Qf3 Qf6 18. Bd2 Qd4+ {White resigns} 0-1

[Event "Team 45 45 League T47"]
[Site "Internet Chess Club"]
[Date "2010.12.12"]
[Round "6"]
[White "Uwak"]
[Black "easycure"]
[Result "1-0"]
[WhiteElo "2301"]
[BlackElo "2330"]
[Opening "French: Winawer, advance, poisoned pawn variation"]
[ECO "C18"]
[Time "21:07:05"]
[TimeControl "2700+45"]

1. e4 e6 2. d4 d5 3. Nc3 Bb4 4. e5 c5 5. a3 Bxc3+ 6. bxc3 Ne7 7. Qg4 O-O 8. Bd3
f5 9. exf6 Rxf6 10. Bg5 Rf7 11. Qh5 g6 12. Qd1 Nbc6 13. Nf3 Qf8 14. O-O c4 15.
Be2 h6 16. Bc1 Qg7 17. Rb1 b6 18. Re1 Bd7 19. a4 g5 20. Nd2 Ng6 21. Bh5 Rf6 22.
g3 Be8 23. Ba3 Nge7 24. Bg4 Nf5 25. Nf3 Bg6 26. Qd2 Re8 27. Re2 Qd7 28. Rbe1 Nd8
29. Ne5 Qxa4 30. Ra1 Qb5 31. Rae1 Ng7 32. h4 Nf7 33. Nxf7 Bxf7 34. hxg5 hxg5 35.
Bd6 Rg6 36. Be5 Qd7 37. f3 Kf8 38. Rh2 Ke7 39. Rh7 Rg8 40. Qc1 Ne8 41. Bh5 Kd8
42. Bxg6 Rxg6 43. Qa3 {Black resigns} 1-0

[Event "Team 45 45 League T47"]
[Site "Internet Chess Club"]
[Date "2010.12.11"]
[Round "6"]
[White "technika"]
[Black "searchforbobby1"]
[Result "1-0"]
[WhiteElo "2142"]
[BlackElo "2181"]
[Opening "Sicilian: closed"]
[ECO "B23"]
[Time "16:48:43"]
[TimeControl "2700+45"]

1. e4 c5 2. Nc3 a6 3. f4 b5 4. g3 Bb7 5. Bg2 e6 6. d3 d5 7. Qe2 d4 8. Nd1 Nf6 9.
Nf3 Nc6 10. O-O Be7 11. Nf2 O-O 12. g4 c4 13. dxc4 bxc4 14. Qxc4 Rc8 15. Qe2 Nb4
16. Nxd4 Qxd4 17. c3 Qb6 18. Be3 Bc5 19. Bxc5 Rxc5 20. cxb4 Qxb4 21. g5 Nd7 22.
Rfd1 Rc7 23. Rac1 Rfc8 24. Rxc7 Rxc7 25. Qd2 Qc5 26. Qd6 Qc2 27. Bf1 Nf8 28. Bd3
Qc5 29. Qxc5 Rxc5 30. Kg2 h6 31. gxh6 gxh6 32. Kg3 Ng6 33. e5 Kg7 34. Ng4 Bd5
35. a3 Bb3 36. Rd2 a5 37. Nf6 Rc1 38. Be4 Rc8 39. Bb7 Rb8 40. Rd7 Nf8 41. Rc7
Rd8 42. Bf3 Ng6 43. Rd7 Rc8 44. Rb7 a4 45. h4 Kf8 46. Ng4 Kg7 47. h5 Nf8 48. Nf6
Rd8 49. Ne4 Rd7 50. Nc5 Rd4 51. Nxb3 axb3 52. Rxb3 Nd7 53. Rb5 f6 54. b4 fxe5
55. fxe5 Nf8 56. Rb7+ Kg8 57. a4 Nh7 58. a5 Rd3 59. Kf4 Ng5 60. Bg2 Ra3 61. Rb8+
Kg7 62. Rb6 Ra2 63. Bc6 Ra3 64. a6 Nh3+ 65. Ke4 Nf2+ 66. Kd4 Nd3 67. a7 Nxb4 68.
Rxb4 Rxa7 69. Rb7+ Rxb7 70. Bxb7 Kf7 71. Kc5 Ke7 72. Bc6 {Black resigns} 1-0

[Event "Team 45 45 League T47"]
[Site "Internet Chess Club"]
[Date "2010.12.13"]
[Round "6"]
[White "MikeA"]
[Black "noHz"]
[Result "1-0"]
[WhiteElo "2153"]
[BlackElo "2092"]
[Opening "French: Tarrasch, closed variation"]
[ECO "C05"]
[Time "12:30:27"]
[TimeControl "2700+45"]

1. e4 e6 2. d4 d5 3. Nd2 Nf6 4. e5 Nfd7 5. f4 c5 6. c3 Nc6 7. Ndf3 Qb6 8. Ne2 f6
9. Bd2 Qxb2 10. a4 Qb6 11. Rb1 Qc7 12. Qc2 Be7 13. Ng3 O-O 14. Bd3 g6 15. Bxg6
f5 16. Bh5 Nb6 17. O-O Nc4 18. Bc1 cxd4 19. cxd4 Kh8 20. Ne2 Rg8 21. Nc3 a6 22.
Rd1 Bd7 23. Ng5 Bxg5 24. fxg5 Ne7 25. Rd3 Rg7 26. Qb3 Rb8 27. Rh3 Kg8 28. Qd1 b5
29. axb5 axb5 30. Bf4 Ng6 31. Bg3 b4 32. Ne2 Qb6 33. Be1 Qa5 34. Bxg6 hxg6 35.
Nf4 Qd8 36. Bxb4 Qxg5 37. Bc5 Rc8 38. Qc1 Qd8 39. Rb7 Rb8 40. Rxb8 Qxb8 41. Rh6
Qe8 42. h4 Qf7 43. h5 g5 44. Rf6 gxf4 45. Rxf7 Kxf7 46. Qxf4 Kg8 47. Qh6 Na5 48.
Qf6 Nc6 49. h6 Rg4 50. Qf8+ Kh7 51. Qf7+ Kxh6 52. Qxd7 {Black resigns} 1-0

[Event "Team 45 45 League T47"]
[Site "Internet Chess Club"]
[Date "2010.12.10"]
[Round "6"]
[White "chsrules88"]
[Black "GreatPelle"]
[Result "1-0"]
[WhiteElo "2036"]
[BlackElo "2012"]
[Opening "French: advance variation"]
[ECO "C02"]
[Time "11:30:08"]
[TimeControl "2700+45"]

1. e4 e6 2. d4 d5 3. e5 f5 4. c4 c5 5. Nf3 Nc6 6. Be3 cxd4 7. Bxd4 Nxd4 8. Qxd4
Ne7 9. cxd5 Nxd5 10. Bc4 Bb4+ 11. Nbd2 Qb6 12. Qxb6 Nxb6 13. O-O Nxc4 14. Nxc4
Bd7 15. Rfd1 Bc6 16. Nd4 Bd5 17. Ne3 Kf7 18. Nxd5 exd5 19. Nxf5 Ke6 20. Nxg7+
Kxe5 21. a3 Ba5 22. b4 Bb6 23. Re1+ Kf6 24. Nh5+ Kg5 25. Re5+ Kg6 26. Nf4+ Kf6
27. Rxd5 Rhd8 28. Rad1 Rxd5 29. Nxd5+ Ke5 30. Nxb6 axb6 31. Rd3 Ke4 32. Re3+ Kd4
33. g3 b5 34. Kg2 Rc8 35. h4 h5 36. Kf3 Rf8+ 37. Ke2 Rc8 38. Rd3+ Kc4 39. f4
Re8+ 40. Re3 Rg8 41. Kf3 Kd4 42. f5 b6 43. Re6 Ra8 44. Re3 Rf8 45. Kf4 Rf7 46.
Re6 Ra7 47. f6 Rxa3 48. f7 Ra1 49. Rf6 {Black resigns} 1-0